 Dungeon Crawl Stone Soup version 0.23.2-40-g277498a001 (webtiles) character file.

Game seed: 17077408460707416667

380 Exodus22XD the Magician (level 6, -7/32 HPs)
             Began as a Deep Elf Ice Elementalist on Sept 24, 2019.
             Was an Initiate of Kikubaaqudgha.
             Mangled by Grinder (11 damage)
             ... while paralysed by Grinder
             ... on level 4 of the Dungeon.
             The game lasted 00:10:42 (4037 turns).

Exodus22XD the Magician (Deep Elf Ice Elementalist) Turns: 4037, Time: 00:10:43

Health: -7/32      AC:  2    Str:  5    XL:     6   Next: 46%
Magic:  6/16       EV:  2    Int: 22    God:    Kikubaaqudgha [......]
Gold:   221        SH:  0    Dex: 15    Spells: 5/15 levels left

rFire    . . .     SeeInvis .   m - +0 dagger
rCold    . . .     Gourm    .   (no shield)
rNeg     . . .     Faith    .   a - +0 robe
rPois    .         Spirit   .   (no helmet)
rElec    .         Reflect  .   (no cloak)
rCorr    .         Harm     .   (no gloves)
MR       .....                  (no boots)
Stlth    +++.......             e - amulet of the acrobat
HPRegen  0.10/turn              p - ring of stealth
MPRegen  0.15/turn              (no ring)

@: paralysed
A: no striking features
a: Renounce Religion


You were on level 4 of the Dungeon.
You worshipped Kikubaaqudgha.
Kikubaaqudgha was noncommittal.
You were hungry.

You visited 2 branches of the dungeon, and saw 5 of its levels.

You collected 221 gold pieces.

Inventory:

Hand Weapons
 m - a +0 dagger (weapon)
Armour
 a - a +0 robe (worn)
Jewellery
 e - an amulet of the acrobat (around neck)
 i - a cursed ring of fire
 p - a ring of stealth (left hand)
Wands
 q - a wand of enslavement (5)
Scrolls
 b - 2 scrolls of blinking {unknown}
 g - 2 scrolls of enchant armour {unknown}
 h - 3 scrolls of teleportation {unknown}
 j - a scroll of magic mapping {unknown}
 l - a scroll of remove curse {unknown}
 n - 3 scrolls of identify {unknown}
 s - a scroll of random uselessness {unknown}
 t - a scroll of enchant weapon {unknown}
Potions
 d - 2 potions of lignification {unknown}
 f - 2 potions of flight {unknown}
 k - 3 potions of mutation {unknown}
 o - 3 potions of degeneration {unknown}
 r - 2 potions of might {unknown}
Comestibles
 c - 8 rations


   Skills:
 - Level 2.4 Dodging
 - Level 2.4 Stealth
 + Level 5.4 Spellcasting
 - Level 1.1 Conjurations
 - Level 4.4 Summonings
 + Level 5.2 Ice Magic


You had 5 spell levels left.
You knew the following spells:

 Your Spells              Type           Power        Failure   Level  Hunger
a - Freeze                Ice            ####         1%          1    None
b - Summon Ice Beast      Ice/Summ       ####....     13%         4    ####...
c - Ozocubu's Armour      Chrm/Ice       ###.....     10%         3    ##.....
d - Throw Frost           Conj/Ice       ###...       4%          2    None

Your spell library contained the following spells:

 Spells                   Type           Power        Failure   Level  Hunger
 Beastly Appendage        Tmut           #.....       10%         1    None
 Sticks to Snakes         Tmut           #.......     14%         2    None
 Throw Icicle             Conj/Ice       ###.....     26%         4    ####...
 Spider Form              Tmut/Pois      #.........   28%         3    ##.....
 Ice Form                 Ice/Tmut       ###.....     32%         4    ####...
 Blade Hands              Tmut           #.........   95%         5    #####..


Dungeon Overview and Level Annotations

Branches:
Dungeon (4/15)             Temple (1/1) D:4

Altars:
Kikubaaqudgha
Trog
Wu Jian
Yredelemnul
The Shining One

Annotations:
D:4 Grinder


Message History

The worker ant bites your ice beast but does no damage.
Your ice beast barely misses Grinder.
Your ice beast barely misses the worker ant.
You are feeling hungry.
Your ice beast hits the worker ant but does no damage.
Grinder gestures at you.
You suddenly lose the ability to move!
Your ice beast closely misses the worker ant.
Grinder blinks!
A worker ant comes into view.
Grinder hits you.
You writhe in agony.
Your ice beast misses the worker ant.
The worker ant bites you. Grinder hits you.
You writhe in agony.
* * * LOW HITPOINT WARNING * * *
The worker ant bites you.
* * * LOW HITPOINT WARNING * * *
Your ice beast hits Grinder but does no damage.
Grinder hits you!
You die...
Kikubaaqudgha rasps: "You have failed me!
Welcome... death!"

#.. #........5.
#...+..........
#..#..>.......
#....#..###Y### ...5#
#....#........# ....#
#..#....#.....a..# ....#
#..#....#....Y...# ....#
+##..#....#....5a..#
....#
.##..#....#+####@..# ...
..+..#....#...##...##'###
..#..#....'.........'...#
..........#...##...##...#
≈.........#(..##...# ./.#
≈≈≈.......#...##...# #+##
≈≈≈≈≈.....#....#....#
≈≈≈≈≈≈....#....#....#
≈≈≈≈≈≈....######....#


You could see Grinder, 2 worker ants and 2 friendly ice beasts.

Vanquished Creatures
  2 crimson imps
  Jessica (D:3)
  8 adders
  3 worms
  3 dart slugs
  3 leopard geckos
  6 orcs (D:3)
  13 bats
  2 giant cockroaches
  7 goblins
  11 hobgoblins
  4 jackals
  2 ball pythons (D:3)
  4 frilled lizards
  4 kobolds
  4 rats
77 creatures vanquished.

Vanquished Creatures (collateral kills)
  2 ogres (D:4)
  A bullfrog skeleton (D:4)
  An iguana (D:4)
  A jackal (D:4)
  A goblin skeleton (D:4)
  A hobgoblin zombie (D:4)
  2 kobold skeletons (D:4)
  An orc skeleton (D:4)
  3 orc zombies (D:4)
13 creatures vanquished.

Grand Total: 90 creatures vanquished

Notes
Turn   | Place    | Note
-------+----------+-------------------------------------------
     0 | D:1      | Exodus22XD the Deep Elf Ice Elementalist began the quest
                  | for the Orb.
     0 | D:1      | Reached XP level 1. HP: 10/10 MP: 6/6
   156 | D:1      | Reached XP level 2. HP: 12/15 MP: 5/8
   872 | D:2      | Reached XP level 3. HP: 12/19 MP: 5/10
  1260 | D:2      | Reached XP level 4. HP: 8/24 MP: 7/12
  1910 | D:2      | Learned a level 4 spell: Summon Ice Beast
  1914 | D:2      | Learned a level 3 spell: Ozocubu's Armour
  1917 | D:2      | Learned a level 2 spell: Throw Frost
  2090 | D:2      | Reached skill level 1 in Summonings
  2221 | D:3      | Noticed Jessica
  2225 | D:3      | Killed Jessica
  2443 | D:3      | Found an ornate altar of the Wu Jian Council.
  2504 | D:3      | Reached XP level 5. HP: 16/28 MP: 10/14
  2657 | D:3      | Found a basalt altar of Yredelemnul.
  3007 | D:3      | Found a bloodstained altar of Trog.
  3236 | D:3      | Noticed an ice beast
  3595 | D:4      | Noticed an ogre
  3606 | D:4      | Killed an ogre
  3606 | D:4      | Reached XP level 6. HP: 32/32 MP: 11/15
  3628 | D:4      | Found a glowing golden altar of the Shining One.
  3637 | D:4      | Reached skill level 5 in Spellcasting
  3641 | D:4      | Reached skill level 5 in Ice Magic
  3910 | D:4      | Found a staircase to the Ecumenical Temple.
  3927 | Temple   | Entered the Ecumenical Temple
  3933 | Temple   | Became a worshipper of Kikubaaqudgha
  4008 | D:4      | Noticed Grinder
  4033 | D:4      | Paralysed by Grinder for 6 turns
  4037 | D:4      | Mangled by Grinder

Skill      XL: |  1  2  3  4  5  6 |
---------------+-------------------+-----
Ice Magic      | 4 5 |  5.2
Spellcasting   | 4 5 |  5.4
Summonings     | 2 4 |  4.4
Dodging        | |  2.4
Stealth        | |  2.4
Conjurations   | |  1.1

Action                   |  1- 3 |  4- 6 || total
-------------------------+-------+-------++-------
Melee: Unarmed           |     2 |       ||     2
       Dagger            |       |    15 ||    15
 Cast: Freeze            |    54 |    74 ||   128
       Summon Ice Beast  |       |     7 ||     7
  Eat: Chunk             |       |    10 ||    10
Armor: Robe              |     7 |     9 ||    16
Dodge: Dodged            |    35 |    85 ||   120
